 Dungeon Crawl Stone Soup version 0.30.2 (webtiles) character file.

Game seed: 7448741610507560158

6335 porpoise the Geomancer (level 10, -13/60 HPs)
             Began as a Gargoyle Earth Elementalist on Mar 5, 2024.
             Was a Follower of Vehumet.
             Mangled by a komodo dragon (25 damage)
             ... on level 8 of the Dungeon.
             The game lasted 00:29:40 (7923 turns).

porpoise the Geomancer (GrEE)                       Turns: 7923, Time: 00:29:40

Health: -13/60     AC: 15    Str: 12    XL:     10   Next: 96%
Magic:  7/17       EV: 14    Int: 16    God:    Vehumet [*.....]
Gold:   416        SH:  0    Dex: 14    Spells: 11/19 levels left

rFire   + . .        a - +0 sling
rCold   . . .        (no shield)
rNeg    + . .        i - +0 robe
rPois   ∞            g - +2 helmet {SInv}
rElec   +            (no cloak)
rCorr   .            (no gloves)
SInv    +            y - +2 pair of boots
Will    .....        u - amulet of regeneration
Stlth   +++          c - ring of protection from fire
HPRegen 1.10/turn    (no ring)
MPRegen 0.15/turn

%: no passive effects
@: invisible
A: sickness immunity, AC +7, negative energy resistance 1, electricity
resistance, torment resistance 1, petrification resistance
a: Renounce Religion


You were on level 8 of the Dungeon.
You worshipped Vehumet.
Vehumet was aware of your devotion.
You visited 2 branches of the dungeon, and saw 9 of its levels.
You also visited: Sewer.

You collected 416 gold pieces.

Inventory:

Hand Weapons
 a - a +0 sling (weapon)
 b - a +2 short sword of venom
 F - a +0 dagger of draining
 J - a +2 dagger of venom
Missiles
 p - 23 poisoned darts
 t - 9 boomerangs
 C - 3 curare-tipped darts
Armour
 g - a +2 helmet of see invisible (worn)
 i - a +0 robe (worn)
 y - a +2 pair of boots (worn)
Jewellery
 c - a ring of protection from fire (left hand)
 u - an amulet of regeneration (around neck)
Wands
 B - a wand of charming (14)
 H - a wand of mindburst (9)
 I - a wand of quicksilver (10)
Scrolls
 e - a scroll of amnesia
 l - a scroll of vulnerability {unknown}
 m - a scroll of teleportation
 o - a scroll of noise {unknown}
 s - a scroll of brand weapon {unknown}
 x - a scroll of magic mapping
 A - a scroll of immolation {unknown}
 G - a scroll of fear
 K - a scroll of poison {unknown}
Potions
 d - 4 potions of heal wounds
 f - 5 potions of magic
 h - 7 potions of haste
 j - 2 potions of cancellation
 k - a potion of attraction
 n - 4 potions of flight
 q - 2 potions of mutation
 r - a potion of might
 v - 2 potions of ambrosia
 w - a potion of curing
 z - 2 potions of lignification
 D - a potion of brilliance


   Skills:
 + Level 5.7 Fighting
 - Level 5.0 Dodging
 - Level 5.0 Stealth
 - Level 5.0 Spellcasting
 - Level 7.0 Conjurations
 + Level 2.1 Summonings
 - Level 0.7 Transmutations
 + Level 2.0 Ice Magic
 - Level 11.0 Earth Magic
 - Level 5.0 Evocations


You had 11 spell levels left.
You knew the following spells:

 Your Spells              Type           Power      Damage    Failure   Level
a - Sandblast             Erth           78%        2d17      1%          1
b - Stone Arrow           Conj/Erth      64%        3d11      1%          3
c - Summon Ice Beast      Ice/Summ       10%        N/A       54%         4

Your spell library contained the following spells:

 Spells                   Type           Power      Damage    Failure   Level
 Shock                    Conj/Air       60%        1d6       3%          1
 Passwall                 Tmut/Erth      18%        N/A       1%          2
 Dazzling Flash           Conj/Hex       30%        N/A       11%         3
 Petrify                  Tmut/Erth      22%        N/A       14%         4
 Frozen Ramparts          Ice            20%        1d4       21%         3
 Sticky Flame             Conj/Fire      15%        2d4       34%         4
 Tukima's Dance           Hex            4%         N/A       41%         3
 Volatile Blastmotes      Fire/Tloc      8%         2d10      41%         3
 Ice Form                 Ice/Tmut       8%         N/A       65%         4
 Cause Fear               Hex            2%         N/A       83%         4
 Agony                    Necr           4%         N/A       99%         5
 Silence                  Hex/Air        2%         N/A       99%         5


Dungeon Overview and Level Annotations

Branches:
Dungeon (8/15)             Temple (1/1) D:5           Sewer (visited)
   Lair: D:8-11

Altars:
Dithmenos
Elyvilon
Fedhas
Hepliaklqana
Kikubaaqudgha
Makhleb
Nemelex Xobeh
Okawaru
Qazlal
Ru
Sif Muna
Trog
Uskayaw
Vehumet
Wu Jian
Xom
Yredelemnul
Zin

Shops:
D:6 =


Innate Abilities, Weirdness & Mutations

You are immune to sickness and miasma.
Your stone body is resilient. (AC +7)
You are immune to poison.
You resist negative energy. (rN+)
You are resistant to electric shocks. (rElec)
You are resistant to unholy torment.
You are immune to petrification.


Message History

The manticore claws you but does no damage.
Casting: Sandblast (safe; 1% risk of failure)
Confirm with . or Enter, or press ? or * to list all spells.
Aiming: Sandblast (safe; 1% risk of failure)
Press: ? - help, Shift-Dir - straight line, f/p - manticore
Aim: a manticore (severely wounded, unable to see you, 90% to hit)
The blast of sand hits the manticore!
The manticore is almost dead.
The manticore bites you! The manticore claws you.
The manticore barely misses you.
Casting: Sandblast (safe; 1% risk of failure)
Confirm with . or Enter, or press ? or * to list all spells.
Aiming: Sandblast (safe; 1% risk of failure)
Press: ? - help, Shift-Dir - straight line, f/p - manticore
Aim: a manticore (almost dead, unable to see you, 90% to hit)
The blast of sand hits the manticore!!
You kill the manticore!
Vehumet accepts your kill.
Your Summonings skill increases to level 2!
Your Ice Magic skill increases to level 2!
Casting: Sandblast (safe; 1% risk of failure)
Confirm with . or Enter, or press ? or * to list all spells.
Aiming: Sandblast (safe; 1% risk of failure)
Press: ? - help, Shift-Dir - straight line, f - komodo dragon
Aim: a komodo dragon (unable to see you, 88% to hit)
The blast of sand hits the komodo dragon!
The komodo dragon is lightly wounded.
The komodo dragon bites you!!
* * * LOW HITPOINT WARNING * * *
Casting: Sandblast (safe; 1% risk of failure)
Confirm with . or Enter, or press ? or * to list all spells.
Aiming: Sandblast (safe; 1% risk of failure)
Press: ? - help, Shift-Dir - straight line, f/p - komodo dragon
Aim: a komodo dragon (lightly wounded, unable to see you, 88% to hit)
The blast of sand hits the komodo dragon!
The komodo dragon is moderately wounded.
The centaur warrior wields a +0 shortbow.
The centaur warrior shoots an arrow.
The arrow hits the tengu warrior!
The komodo dragon closely misses you. The komodo dragon bites you!!
You die...

......<........##. #.
......##.......#.. #.
......#........#.##. g
..............##.#.# .(.
......#.......##.#.#...?.
.(....#.......##c...x..#
......#.......##Q#g#...$Q
......#####...##l#.#


Hl. ......##......##@##. $ ...............#..##. ...................##.
...............#....### ...........#...####.... ...........#...# ####
...........#...# ####.......#...# #########...# You could see a tengu warrior
(unable to see you), a centaur warrior (unable to see you) and a komodo dragon
(unable to see you).

Vanquished Creatures
  A two-headed ogre (D:8)
  A deep elf pyromancer (D:8)
  A cyclops (D:8)
  A manticore (D:8)
  An unseen horror (D:8)
  2 wyverns (D:7)
  Eustachio (D:6)
  Duvessa (D:7)
  3 water moccasins
  2 orc warriors
  A sky beast (D:4)
  3 ice beasts
  2 black bears
  3 ogres
  7 centaurs
  A phantom (D:6)
  5 scorpions
  4 bullfrogs
  Dowan (D:7)
  A howler monkey (D:7)
  A hound (D:5)
  3 orc priests
  2 jellies
  3 sleepcaps
  3 iguanas
  5 orc wizards
  A hound skeleton (D:3)
  Robin (D:2)
  7 gnolls
  10 adders
  2 white imps
  An adder zombie (D:3)
  3 adder skeletons (D:3)
  2 worms
  2 dart slugs
  22 orcs
  8 endoplasms
  6 giant cockroaches
  20 goblins
  5 hobgoblins
  6 jackals (D:2)
  2 quokkas
  7 ball pythons
  A ball python zombie (D:3)
  5 bats
  3 frilled lizards
  23 kobolds
  A quokka skeleton (D:3)
  8 rats
205 creatures vanquished.

Vanquished Creatures (others)
  A hydra (D:8)
1 creature vanquished.

Grand Total: 206 creatures vanquished

Notes
Turn   | Place    | Note
-------+----------+-------------------------------------------
     0 | D:1      | porpoise the Gargoyle Earth Elementalist began the quest
                  | for the Orb.
     0 | D:1      | Reached XP level 1. HP: 10/10 MP: 3/3
    11 | D:1      | Found a faded altar of an unknown god.
   162 | D:1      | Reached XP level 2. HP: 15/15 MP: 3/5
   168 | D:1      | Reached skill level 4 in Earth Magic
   604 | D:1      | Reached XP level 3. HP: 19/19 MP: 3/6
  1161 | D:2      | Reached XP level 4. HP: 24/24 MP: 8/8
  1214 | D:2      | Reached skill level 5 in Earth Magic
  1370 | D:2      | Learned a level 3 spell: Stone Arrow
  1565 | D:2      | Found a shimmering altar of Xom.
  1738 | D:2      | Noticed Robin
  1741 | D:2      | Killed Robin
  1880 | D:2      | Reached XP level 5. HP: 28/28 MP: 7/9
  2027 | D:3      | Found a glowing drain.
  2039 | Sewer    | Entered a sewer
  2079 | Sewer    | Reached skill level 1 in Conjurations
  2745 | D:3      | Reached skill level 6 in Earth Magic
  2905 | D:3      | Found a burning altar of Makhleb.
  2907 | D:3      | Found a hazy altar of Hepliaklqana.
  3484 | D:4      | Reached XP level 6. HP: 32/32 MP: 10/10
  3641 | D:4      | Noticed a sky beast
  3648 | D:4      | Killed a sky beast
  3811 | D:4      | Found an iron altar of Okawaru.
  3937 | D:3      | Found a shimmering blue altar of Sif Muna.
  3937 | D:3      | Found a bloodstained altar of Trog.
  3977 | D:5      | Entered Level 5 of the Dungeon
  3984 | D:5      | Reached XP level 7. HP: 36/36 MP: 9/11
  4009 | D:5      | Reached skill level 7 in Earth Magic
  4049 | D:5      | Reached skill level 5 in Stealth
  4369 | D:5      | Found a staircase to the Ecumenical Temple.
  4393 | Temple   | Entered the Ecumenical Temple
  4400 | Temple   | Became a worshipper of Vehumet
  4415 | D:5      | Reached XP level 8. HP: 41/41 MP: 11/14
  4575 | D:5      | Reached skill level 5 in Conjurations
  4615 | D:5      | Got Lemuerr's Precepts of Spellbinding and Incandescence
  4698 | D:6      | Found Hedad's Jewellery Boutique.
  4729 | D:5      | Reached skill level 1 in Fighting
  5129 | D:6      | Reached skill level 5 in Spellcasting
  5262 | D:6      | Reached skill level 8 in Earth Magic
  5381 | D:6      | Noticed Eustachio
  5396 | D:6      | Killed Eustachio
  5397 | D:6      | Reached XP level 9. HP: 52/52 MP: 9/16
  5568 | D:6      | Found a glowing silver altar of Zin.
  5702 | D:6      | Reached skill level 9 in Earth Magic
  5966 | D:7      | Reached skill level 5 in Fighting
  6108 | D:7      | Noticed Dowan
  6118 | D:7      | Killed Dowan
  6119 | D:7      | Reached skill level 1 in Evocations
  6489 | D:7      | Noticed Duvessa
  6499 | D:7      | Killed Duvessa
  6768 | D:7      | Reached XP level 10. HP: 59/59 MP: 15/17
  6856 | D:7      | Reached * piety under Vehumet
  6856 | D:7      | Offered knowledge of Shock by Vehumet.
  7261 | D:8      | Noticed a two-headed ogre
  7266 | D:8      | Killed a two-headed ogre
  7267 | D:8      | Reached skill level 10 in Earth Magic
  7501 | D:8      | Noticed a deep elf pyromancer
  7507 | D:8      | Killed a deep elf pyromancer
  7654 | D:8      | Noticed a cyclops
  7664 | D:8      | Killed a cyclops
  7665 | D:8      | Reached skill level 5 in Dodging
  7841 | D:8      | Reached skill level 11 in Earth Magic
  7861 | D:8      | Learned a level 4 spell: Summon Ice Beast
  7905 | D:8      | Noticed a manticore
  7906 | D:8      | Noticed an unseen horror
  7906 | D:8      | Noticed a four-headed hydra
  7906 | D:8      | Noticed a centaur warrior
  7906 | D:8      | Noticed a tengu warrior
  7914 | D:8      | Killed an unseen horror
  7917 | D:8      | Killed a four-headed hydra
  7918 | D:8      | Reached skill level 1 in Summonings
  7918 | D:8      | Reached skill level 1 in Ice Magic
  7918 | D:8      | Reached skill level 5 in Evocations
  7920 | D:8      | Identified the staff of fire "Rytwu" {rPois rF+ rC+ Dex+5
                  | Stlth+}
  7921 | D:8      | Killed a manticore
  7923 | D:8      | Mangled by a komodo dragon

Illustrated notes

Levels and vault maps discovered:
D:1:      wander_arrival_fairy_ring, layout_loops_ring, basic_ecumenical_altar
D:2:      layout_basic, serial_rivers, chequers_serial_rivers_micro_b,
          chequers_serial_rivers_small_a, chequers_serial_rivers_marsh,
          chequers_serial_rivers_room_b, chequers_serial_rivers_micro_a,
          chequers_serial_rivers_micro_b, basic_altar, uniq_robin
D:3:      layout_basic, nicolae_overflow_hidden_temple,
          cheibrodos_sewer_entry_drain, serial_undead, serial_undead_c,
          serial_undead_e, serial_undead_c, serial_undead_c,
          nrook_mini_backslash
D:4:      nicolae_cairo_tiling_large, layout_rooms,
          mainiacjoe_overflow_surrounded_room
D:5:      layout_rooms, minmay_temple_entry_purple_smoke
D:6:      minmay_angry_zag, layout_loops_ring,
          mainiacjoe_overflow_small_starburst, serial_shops,
          nicolae_shop_advertising_works [nicolae_subvault_shop_adworks],
          uniq_eustachio
D:7:      layout_loops_ring, minmay_misc_feat_tower, grunt_ministairs_8,
          uniq_duvessa
D:8:      minmay_the_grid_octo_2x2 [minmay_the_grid_octo_clover,
          minmay_the_grid_octo_fat_diamond, minmay_the_grid_octo_checkered,
          minmay_the_grid_octo_prize_big_c], layout_basic,
          nicolae_gozag_seed_capital, uniq_maurice
Temple:   hellmonk_temple_two_chambers

Skill      XL: |  1  2  3  4  5  6  7  8  9 10 |
---------------+-------------------------------+-----
Earth Magic    | 4 5 6 7 8 9 11 | 11.0
Spellcasting   | 3 4 5 |  5.0
Conjurations   | 2 3 4 5 7 |  7.0
Stealth        | 3 4 5 |  5.0
Fighting       | 4 5 |  5.7
Dodging        | 3 5 |  5.0
Evocations     | 2 5 |  5.0
Summonings     | 2 |  2.1
Ice Magic      | 2 |  2.0
Transmutations | |  0.7

Action                     |  1- 3 |  4- 6 |  7- 9 | 10-12 || total
---------------------------+-------+-------+-------+-------++-------
  Melee: Unarmed           |     1 |       |       |       ||     1
         Dagger            |       |       |    19 |       ||    19
         Sling             |       |       |     2 |       ||     2
   Fire: Sling             |    49 |    92 |    48 |    25 ||   214
   Cast: Sandblast         |    38 |    86 |   153 |    62 ||   339
         Stone Arrow       |       |       |     7 |     6 ||    13
    Use: Scroll            |     3 |     4 |     7 |     2 ||    16
         Potion            |       |       |     1 |     1 ||     2
 Armour: Robe              |     5 |    27 |    72 |    59 ||   163
  Dodge: Dodged            |    10 |    62 |    97 |    73 ||   242
